 Dungeon Crawl Stone Soup version 0.30-a0-1160-g6e42c06551 (webtiles) character file.

Game seed: 13479125256661755202

33 jasper the Conjurer (level 3, -1/16 HPs)
             Began as a Spriggan Conjurer on Apr 25, 2023.
             Killed from afar by Natasha (7 damage)
             ... with a magic dart
             ... on level 2 of the Dungeon.
             The game lasted 00:01:54 (1324 turns).

jasper the Conjurer (Spriggan Conjurer)             Turns: 1324, Time: 00:01:54

Health: -1/16      AC:  2    Str:  3    XL:     3   Next: 12%
Magic:  3/8        EV: 17    Int: 21    God:
Gold:   33         SH:  0    Dex: 13    Spells: 4/7 levels left

rFire   . . .        c - +0 dagger
rCold   . . .        (no shield)
rNeg    . . .        a - +0 robe
rPois   .            (helmet restricted)
rElec   .            (no cloak)
rCorr   .            (gloves unavailable)
SInv    +            (boots unavailable)
Will    .....        (no amulet)
Stlth   ++           (no ring)
HPRegen 0.22/turn    (no ring)
MPRegen 0.11/turn

%: no passive effects
@: very quick
A: very small, no large weapons, unfitting armour, see invisible, speed 3
a: no special abilities


You were on level 2 of the Dungeon.
You visited 1 branch of the dungeon, and saw 2 of its levels.

You collected 33 gold pieces.

Inventory:

Hand Weapons
 c - a +0 dagger (weapon)
Armour
 a - a +0 robe (worn)
Jewellery
 d - a ring of fire
Scrolls
 f - a scroll of magic mapping {unknown}
Potions
 b - a potion of magic
 e - 2 potions of brilliance


   Skills:
 - Level 2.6 Dodging
 - Level 3.0 Stealth
 - Level 2.6 Spellcasting
 + Level 3.8 Conjurations


You had 4 spell levels left.
You knew the following spells:

 Your Spells              Type           Power      Damage    Failure   Level
a - Magic Dart            Conj           72%        1d6       3%          1
b - Searing Ray           Conj           36%        2d5       4%          2

Your spell library contained the following spells:

 Spells                   Type           Power      Damage    Failure   Level
 Dazzling Flash           Conj/Hex       20%        N/A       19%         3
 Fulminant Prism          Conj/Hex       5%         3d6       54%         4
 Iskenderun's Mystic Bla  Conj/Tloc      10%        2d4       54%         4


Dungeon Overview and Level Annotations

Branches:
Dungeon (2/15)

Altars:

Annotations:
D:2 Natasha


Innate Abilities, Weirdness & Mutations

You are very small and have problems with some larger weapons.
You are too small for most types of armour.
You have supernaturally acute eyesight. (SInv)
You cover ground extremely quickly. (Speed+++)


Message History

Found an amethyst potion.
Aiming: Magic Dart (safe; 3% risk of failure)
Press: ? - help, Q - select action, (/) - cycle Shift-Dir - straight line, f - Natasha
Aim: Natasha (asleep, 100% to hit)
The magic dart hits Natasha.
Natasha is heavily wounded.
Natasha hisses angrily.
You now have 7/8 mp.
Casting: Magic Dart (safe; 3% risk of failure)
Confirm with . or Enter, or press ? or * to list all spells.
You can't see any susceptible monsters within range! (Use Z to cast anyway.)
Aiming: Magic Dart (safe; 3% risk of failure)
Press: ? - help, Q - select action, (/) - cycle Shift-Dir - straight line, f/p - Natasha
Aim: Natasha (heavily wounded, 100% to hit)
The magic dart hits Natasha but does no damage.
Natasha is heavily wounded.
Natasha stares at you and mumbles some strange words.
The magic dart hits you.
You take 4 damage, and have 12/16 hp.
MASSIVE DAMAGE!!
You now have 6/8 mp.
Casting: Magic Dart (safe; 3% risk of failure)
Confirm with . or Enter, or press ? or * to list all spells.
You can't see any susceptible monsters within range! (Use Z to cast anyway.) Unknown command.
Natasha hisses.
Natasha casts a spell at you. The magic dart hits you!
You take 7 damage, and have 5/16 hp.
MASSIVE DAMAGE!!
Casting: Magic Dart (safe; 3% risk of failure)
Confirm with . or Enter, or press ? or * to list all spells.
Aiming: Searing Ray (safe; 4% risk of failure)
Press: ? - help, Shift-Dir - straight line, f/p - Natasha
Aim: Natasha (heavily wounded, 72% to hit)
The searing ray hits Natasha.
Natasha is severely wounded. (Press . to maintain the ray.)
You now have 4/8 mp.
The searing ray misses Natasha.
Natasha stares at you and mumbles some strange words.
The magic dart hits you!
You die...

#...# ...# ###....
..###...# .......
........#### ###...
......h....# ###.####
......#....#
........#......#....#
........#J..!..#@...####
........#######.........
........#....##.........
........................
.............##.........
.........#####..........
.........# #..........
..†..(..## #..........
........######.#########


You could see Natasha.

Vanquished Creatures
  5 endoplasms (D:1)
  A goblin (D:1)
  2 hobgoblins (D:1)
  4 jackals (D:1)
  3 quokkas (D:1)
  6 ball pythons
  2 bats (D:1)
  3 frilled lizards (D:1)
  2 kobolds (D:1)
  4 rats (D:1)
32 creatures vanquished.

Notes
Turn   | Place    | Note
-------+----------+-------------------------------------------
     0 | D:1      | jasper the Spriggan Conjurer began the quest for the Orb.
     0 | D:1      | Reached XP level 1. HP: 9/9 MP: 5/5
   234 | D:1      | Reached XP level 2. HP: 13/13 MP: 3/6
   263 | D:1      | Learned a level 2 spell: Searing Ray
   656 | D:1      | Found a faded altar of an unknown god.
   879 | D:1      | Reached XP level 3. HP: 16/16 MP: 4/8
  1319 | D:2      | Noticed Natasha
  1324 | D:2      | Killed from afar by Natasha

Illustrated notes

Levels and vault maps discovered:
D:1:      dpeg_arrival_pond, layout_loops_cross,
          hellmonk_ecumenical_altar_dog_temple, hex_large
D:2:      layout_basic, serial_shops, nicolae_shop_pleasant_corner_grove,
          basic_altar, uniq_natasha, uniq_sigmund

Skill      XL: |  1 |
---------------+----+-----
Conjurations   | 3 |  3.8
Dodging        | |  2.6
Stealth        | |  3.0
Spellcasting   | |  2.6

Action                     || total
---------------------------++-------
  Melee: Dagger            ||    14
   Cast: Magic Dart        ||    52
         Searing Ray       ||     4
    Use: Scroll            ||     3
 Armour: Robe              ||     6
  Dodge: Dodged            ||    26

Table legend: (Time is in decaauts)
 A = Elapsed time spent in this place.
 B = Non-inter-level travel time spent in this place.
 C = Inter-level travel time spent in this place.
 D = Time resting spent in this place.
 E = Time spent auto-exploring this place.
 F = Levels seen in this place.
 G = Mean time per level.
                   A        B        C        D        E       F      G
               +--------+--------+--------+--------+--------+-----+--------+
         Total |   1053 |   1036 |     17 |    124 |    741 |   2 |  526.5 |
       Dungeon |   1053 |   1036 |     17 |    124 |    741 |   2 |  526.5 |
               +--------+--------+--------+--------+--------+-----+--------+

Top non-repeatable levels by time:
     D:1: 998 daAuts
     D:2: 55 daAuts
